 Dungeon Crawl Stone Soup version 0.27-a0-445-gbe96e517c0 (webtiles) character file.

Game seed: 14251276436788170029

801 Gaff the Sneak (level 8, 0/48 HPs)
             Began as a Kobold Brigand on Feb 27, 2021.
             Killed by divine providence
             ... invoked by an orc priest
              (11 damage)
             ... on level 6 of the Dungeon.
             The game lasted 00:14:12 (7083 turns).

Gaff the Sneak (Kobold Brigand)                     Turns: 7083, Time: 00:14:12

Health: 0/48       AC:  8    Str:  9    XL:     8   Next: 14%
Magic:  8/8        EV: 33    Int: 12    God:
Gold:   278        SH:  0    Dex: 18    Spells: 7/7 levels left

rFire    . . .     SeeInvis .   a - +2 dagger
rCold    . . .     Faith    .   (shield restricted)
rNeg     . . .     Spirit   .   x - +0 leather armour
rPois    .         Reflect  .   (no helmet)
rElec    .         Harm     .   c - +1 cloak
rCorr    .         Rampage  .   (no gloves)
Will     .....                  r - +2 pair of boots {Stlth+}
Stlth    ++++++....             k - amulet of the acrobat
HPRegen  0.16/turn              (no ring)
MPRegen  0.11/turn              (no ring)

@: acrobat
A: small, nightstalker 3
a: no special abilities


You were on level 6 of the Dungeon.
You visited 1 branch of the dungeon, and saw 6 of its levels.

You collected 278 gold pieces.

Inventory:

Hand Weapons
 a - a +2 dagger (weapon)
 f - a +0 short sword
 m - a +0 hunting sling
 u - a +0 short sword
Missiles
 d - 48 poisoned darts (quivered)
 e - 2 curare-tipped darts
 g - 169 stones
Armour
 b - a +0 robe
 c - a +1 cloak (worn)
 h - a +0 ring mail
 r - a +2 pair of boots of stealth (worn)
 x - a +0 leather armour (worn)
Jewellery
 k - an amulet of the acrobat (around neck)
 n - an amulet of regeneration
 o - a +6 ring of intelligence
 C - a ring of wizardry
Wands
 s - a wand of iceblast (14)
Scrolls
 i - 7 scrolls of identify {unknown}
 j - 4 scrolls of immolation {unknown}
 p - a scroll of magic mapping
 v - a scroll of fog {unknown}
 y - a scroll of teleportation
 A - 2 scrolls of amnesia {unknown}
Potions
 l - a potion of flight {unknown}
 q - 3 potions of curing
 t - a potion of haste {unknown}
 w - a potion of cancellation {unknown}
 z - a potion of brilliance {unknown}
 B - 2 potions of lignification {unknown}


   Skills:
 + Level 4.0 Fighting
 + Level 7.0 Short Blades
 + Level 2.5 Throwing
 + Level 1.1 Armour
 + Level 5.5 Dodging
 - Level 7.2 Stealth


You had 7 spell levels left.
You didn't know any spells.
Your spell library was empty.

Dungeon Overview and Level Annotations

Branches:
Dungeon (6/15)
 Temple: D:4-7

Altars:
The Shining One

Annotations:
D:4 Eustachio
D:5 Edmund, Ijyb


Innate Abilities, Weirdness & Mutations

You are small and have problems with some larger weapons.
You are completely attuned to the shadows.


Message History

The orc priest is heavily wounded.
The orc hits you but does no damage.
The orc wizard hits you but does no damage.
You barely miss the orc priest.
The orc priest is heavily wounded.
The orc priest completely misses you. The orc hits you but does no damage.
The orc wizard hits you but does no damage.
You closely miss the orc priest.
The orc priest is heavily wounded.
You closely miss the orc priest.
The orc priest is heavily wounded.
The orc hits you but does no damage.
The orc wizard hits you but does no damage.
The orc priest hits you with a +0 mace!
You hit the orc priest but do no damage.
The orc priest is heavily wounded.
The orc misses you. The orc wizard casts a spell at you.
You resist with some effort.
The orc wizard points at itself and mumbles some strange words.
The orc wizard flickers and vanishes!
Deactivating autopickup; reactivate with Ctrl-A.
You hit the orc priest but do no damage.
The orc priest is heavily wounded.
The orc priest closely misses you.
You closely miss the orc priest.
The orc priest is heavily wounded.
You hit the orc priest.
The orc priest is severely wounded.
The orc priest mumbles some strange prayers to Beogh against you.
Beogh smites you!
The orc priest mumbles some strange prayers to Beogh against you.
Beogh smites you!
* * * LOW HITPOINT WARNING * * *
The orc priest casts a cantrip, but nothing happens.
You start resting.
An orc priest is nearby!
The orc priest calls down the wrath of Beogh upon you.
Beogh smites you!
You die...

######## ##..o...#
##8..8##o# .#
#.....##.## #..#
.....
###.[####.###..#
....#
#......###o##..##.
....#
###..####@###.....
..... ....
#........# .....
#..########..##
...#.###
##..###..... #
#..<.##..#..###
#####...#.#..#.....
#......###.........
#####...#.......##.
#......#.##.##.


You could see an orc priest.

Vanquished Creatures
  An ice beast (D:6)
  2 sky beasts (D:6)
  An ogre (D:4)
  2 centaurs
  A howler monkey (D:5)
  A hound (D:5)
  3 orc wizards
  A worker ant (D:5)
  3 adders
  A white imp (D:5)
  2 ufetubi (D:5)
  An adder skeleton (D:5)
  2 dart slugs
  4 worms (D:3)
  4 leopard geckos
  6 orcs (D:4)
  4 ball pythons
  9 bats
  3 giant cockroaches
  3 goblins
  5 hobgoblins
  8 kobolds
  2 quokkas (D:2)
  4 frilled lizards
  A jackal skeleton (D:4)
  A leopard gecko skeleton (D:2)
  5 rats
80 creatures vanquished.

Notes
Turn   | Place    | Note
-------+----------+-------------------------------------------
     0 | D:1      | Gaff the Kobold Brigand began the quest for the Orb.
     0 | D:1      | Reached XP level 1. HP: 12/12 MP: 1/1
   232 | D:1      | Reached XP level 2. HP: 17/17 MP: 2/2
   733 | D:1      | Reached XP level 3. HP: 17/21 MP: 3/3
  1710 | D:2      | Reached XP level 4. HP: 27/27 MP: 4/4
  1783 | D:2      | Found a glowing golden altar of the Shining One.
  2787 | D:3      | Noticed a centaur
  2820 | D:3      | Killed a centaur
  2821 | D:3      | Reached XP level 5. HP: 20/31 MP: 5/5
  3518 | D:4      | Noticed Eustachio
  4212 | D:4      | Noticed an ogre
  4215 | D:4      | Killed an ogre
  4216 | D:4      | Reached skill level 5 in Short Blades
  4216 | D:4      | Reached XP level 6. HP: 37/37 MP: 6/6
  4436 | D:5      | Entered Level 5 of the Dungeon
  5176 | D:5      | Noticed Ijyb
  5197 | D:5      | Paralysed by Ijyb for 4 turns
  5984 | D:5      | Reached XP level 7. HP: 41/41 MP: 7/7
  6288 | D:5      | Noticed Edmund
  6910 | D:6      | Reached skill level 1 in Armour
  6910 | D:6      | Reached skill level 5 in Dodging
  6910 | D:6      | Reached XP level 8. HP: 37/48 MP: 8/8
  7083 | D:6      | Killed from afar by an orc priest

Illustrated notes

Levels and vault maps discovered:
D:1:      psy_arrival_basics, layout_rooms
D:2:      layout_basic, tso_metal_star
D:3:      layout_loops_ring
D:4:      layout_loops_ring, amcnicky_mini_rare_corridor_liquid,
          kennysheep_path_1, kennysheep_generic_room_12, uniq_eustachio
D:5:      layout_layer_cave, uniq_edmund, uniq_ijyb
D:6:      layout_loops_ring, minitemple, uniq_blork_the_orc

Skill      XL: |  1  2  3  4  5  6  7  8 |
---------------+-------------------------+-----
Stealth        | 6 7 |  7.2
Short Blades   | 3 4 5 6 7 |  7.0
Dodging        | 2 3 5 |  5.5
Fighting       | 3 4 |  4.0
Armour         | 1 |  1.1
Throwing       | |  2.5

Action                   |  1- 3 |  4- 6 |  7- 9 || total
-------------------------+-------+-------+-------++-------
Melee: Dagger            |   100 |   265 |   141 ||   506
       Short sword       |       |       |     3 ||     3
Throw: Dart              |       |     4 |       ||     4
  Use: Potion            |       |     3 |       ||     3
       Scroll            |       |     4 |       ||     4
 Stab: Sleeping          |    14 |    12 |     6 ||    32
       Distracted        |       |     1 |       ||     1
Armor: Robe              |    23 |    52 |     2 ||    77
       Leather armour    |       |       |    26 ||    26
Dodge: Dodged            |    87 |   246 |    72 ||   405

Table legend: (Time is in decaauts)
 A = Elapsed time spent in this place.
 B = Non-inter-level travel time spent in this place.
 C = Inter-level travel time spent in this place.
 D = Time resting spent in this place.
 E = Time spent auto-exploring this place.
 F = Levels seen in this place.
 G = Mean time per level.
                   A        B        C        D        E       F      G
               +--------+--------+--------+--------+--------+-----+--------+
         Total |   6961 |   6706 |    255 |   1915 |   3428 |   6 | 1160.2 |
       Dungeon |   6961 |   6706 |    255 |   1915 |   3428 |   6 | 1160.2 |
               +--------+--------+--------+--------+--------+-----+--------+

Top non-repeatable levels by time:
     D:4: 1612 daAuts
     D:5: 1611 daAuts
     D:3: 1275 daAuts
     D:2: 1076 daAuts
     D:1: 1033 daAuts
     D:6: 350 daAuts
